 Dungeon Crawl Stone Soup version 0.24.1-8-ga250c9d538 (webtiles) character file.

Game seed: 13210907226731617986, levelgen mode: deterministic

11 Hugehornet the Insei (level 2, 0/18 HPs)
             Began as an Octopode Transmuter on May 2, 2020.
             Slain by a bat (1 damage)
             ... on level 2 of the Dungeon.
             The game lasted 00:00:49 (803 turns).

Hugehornet the Insei (Octopode Transmuter)           Turns: 803, Time: 00:00:50

Health: 0/18       AC:  1    Str: 12    XL:     2   Next: 25%
Magic:  5/5        EV: 13    Int: 15    God:
Gold:   41         SH:  0    Dex: 12    Spells: 4/5 levels left

rFire    . . .     SeeInvis .     - Unarmed
rCold    . . .     Gourm    .   (no shield)
rNeg     . . .     Faith    .   (helmet restricted)
rPois    .         Spirit   .   (no amulet)
rElec    .         Reflect  .   b - +3 ring of strength
rCorr    .         Harm     .   (no ring)
MR       .....                  (no ring)
Stlth    ++........             (no ring)
HPRegen  0.06/turn              (no ring)
MPRegen  0.09/turn              (no ring)
                                (no ring)
                                (no ring)

@: appendage (expiring)
A: almost no armour, stealthy swim, amphibious, 8 rings, constrict 8, tentacle
spike 3, camouflage 1, gelatinous body 1
a: End Transformation


You were on level 2 of the Dungeon.
You were not hungry.
One of your tentacles had a temporary spike.
You visited 1 branch of the dungeon, and saw 2 of its levels.

You collected 41 gold pieces.

Inventory:

Missiles
 a - 12 arrows
Jewellery
 b - a +3 ring of strength (left tentacle)
 g - an uncursed amulet of regeneration {unknown}
Scrolls
 f - 2 scrolls of amnesia {unknown}
 h - 5 scrolls of remove curse {unknown}
Potions
 d - 2 potions of heal wounds {unknown}
 e - 2 potions of agility {unknown}
 i - a potion of curing {unknown}
Comestibles
 c - 3 rations


   Skills:
 - Level 1.0 Fighting
 - Level 2.0 Dodging
 - Level 3.0 Unarmed Combat
 - Level 2.0 Spellcasting
 + Level 2.9 Transmutations


You had 4 spell levels left.
You knew the following spells:

 Your Spells              Type           Power        Failure   Level  Hunger
a - Beastly Appendage     Tmut           ##....       7%          1    #......

Your spell library contained the following spells:

 Spells                   Type           Power        Failure   Level  Hunger
 Sticks to Snakes         Tmut           ##......     10%         2    ###....
 Spider Form              Tmut/Pois      #.........   36%         3    ###....
 Ice Form                 Ice/Tmut       #.......     77%         4    #####..
 Blade Hands              Tmut           ##........   88%         5    ######.


Dungeon Overview and Level Annotations

Branches:
Dungeon (2/15)

Altars:


Innate Abilities, Weirdness & Mutations

You cannot wear most types of armour.
You are very stealthy in the water. (Stealth+)
You are amphibious.
You can wear up to eight rings at the same time.
You can use your tentacles to constrict eight enemies at once.
Your skin changes colour to match your surroundings (Stealth+).
Your rubbery body absorbs attacks. (AC +1, EV +1)
One of your tentacles bears a large vicious spike.


Message History

The worm is almost dead.
You constrict the worm, but do no damage.
The bat completely misses you.
You tentacle-slap the worm.
The worm is almost dead.
You constrict the worm, but do no damage.
The bat hits you. The worm bites you!
Ouch! That really hurt!
* * * LOW HITPOINT WARNING * * *
A goblin comes into view.
You release your grip on the worm.
The bat hits you.
* * * LOW HITPOINT WARNING * * *
The bat misses you.
The kobold throws a stone.
The stone closely misses you.
Your transformation is almost over.
The bat hits you.
* * * LOW HITPOINT WARNING * * *
The bat hits you but does no damage. The bat closely misses you.
The bat hits you.
You die...

...... .####.#####..........#
.g....#.....................#
.......## #................#
........####..####..........#
......#.w.....## #..........#
........r..##..###..........#
..(...#.#.g.(#..##..........#
##.#....####b##..##.#########
.....#.## #@###.##.# .#.###.
#.###....### #. #.
#....###...#
#.########.......## #.......#
#####....# #.......# ###..#
#.......# #####.##
##.......#####.....#
.........#.....#####


You could see a bat.

Vanquished Creatures
  A bat (D:1)
  4 goblins (D:1)
  2 hobgoblins
  A frilled lizard (D:1)
  A rat (D:2)
9 creatures vanquished.

Notes
Turn   | Place    | Note
-------+----------+-------------------------------------------
     0 | D:1      | Hugehornet the Octopode Transmuter began the quest for the
                  | Orb.
     0 | D:1      | Reached XP level 1. HP: 13/13 MP: 3/3
   526 | D:1      | Reached XP level 2. HP: 18/18 MP: 3/5
   803 | D:2      | Slain by a bat

Levels and vault maps discovered:
D:1:      lightli_arrival_statuegarden, layout_basic
D:2:      layout_rooms, first_ration

Action                   || total
-------------------------++-------
Melee: Unarmed           ||    19
       Kick              ||     5
       Constrict         ||     6
       Punch             ||     1
       Tentacles         ||     1
 Cast: Beastly Appendage ||     9
 Stab: Sleeping          ||     1
Armor: Skin              ||     1
Dodge: Dodged            ||    10
